Unix NetHack Version 5.0.0-0 post-release - last build Jun 10 2026 00:39:30 (3ee93aec679c4c4259841fe613dc97188e26a321,branch:main).

Game began 2026-07-10 13:28:38, ended 2026-07-10 13:42:38.

DaveT, lawful male human Priest

                                                       -------
                    -----                    #########%......|
                   #-...|                    #         |>...)|
                   #|*...@o#       ###########         |......#
                   #|...|  ####################        -------#)
   ----------  #####|_..|       #-------------#                #
   |....<...| `#    ....|       #|*.n.......*|#                #
   |.........n####  -|---       #|.....*%....|#                #
   |........|# *#  ##)          #|...-----....####             ###
   |........-##### ##############|.....{.|...|# ##%#############%########
   ----------        #   ########|..*|{@{|*p.|#  ##              #   ---.----
                     #######    #-%..|.{.|...|#   #                  |......|
                           ##    |...-----...|#   #------------  ### |......|
                            #    |.....*.....|#   #-...........####  |......|
                            #### |*.........*|#    |..........|   ## |......|
                               ##-------------#    |..%.......|    ##-......|
                                ###############    |..........|      --------
                                                   |..........|
                                                   ------------

DaveT the Acolyte            St:9 Dx:12 Co:18 In:10 Wi:18 Ch:9  Lawful
Dlvl:5  $:57 HP:0(45) Pw:89(89) AC:9  Xp:5 T:3103  Blind

Latest messages:
 You kill the floating eye!
 There is a floating eye corpse here; eat it? [ynq] (n) y
 This floating eye corpse tastes okay.
 You finish eating the floating eye corpse.
 You feel a strange mental acuity.
 You see here a giant bat corpse.
 I - 10 darts (11 in total).
 What do you want to use or apply? [g-ilpqK or ?*] <space>
 Never mind.
 You see here a giant bat corpse.
 You see here 37 rocks.
 You see here a dart.
 I - a dart (12 in total).
 You see here an elf corpse.
 The mountain nymph stole a pick-axe.
 The mountain nymph stole 12 darts.
 The mountain nymph disarms your blessed +2 mace (weapon in right hand).
 She stole a blessed +2 mace.
 The mountain nymph stole an empty bag.
 What do you want to zap? [q or ?*] q
 In what direction? l
 The mountain nymph stole a key.
 The mountain nymph vanishes!
 You see here a heavy iron ball (chained to you).
 The yellow light explodes!
 You are blinded by a blast of light!
 What do you want to wield? [- DJ or ?*] ?
 You secure the tether.
 J - a thonged club (tethered to right hand).
 The mountain nymph vanishes and reappears closer to you.
 You hit the water nymph.
 The beautiful water nymph seduces you and you take off your shield.
 She stole a +0 small shield.
 The water nymph vanishes and reappears farther away.
 You hear a strange wind.
 The water nymph vanishes and reappears closer to you.
 The hobgoblin hits!
 You hit the hobgoblin.
 The hobgoblin hits!
 You hit the hobgoblin.
 The hobgoblin hits!
 You hit the hobgoblin.
 The hobgoblin hits!
 You miss the hobgoblin.
 The hobgoblin hits!
 You hit the hobgoblin.
 The hobgoblin hits!
 You die...
 Do you want your possessions identified? [ynq] (y) y
 Do you want to see your attributes? [ynq] (y) q

Inventory:
 Coins    ('$')
  $ - 57 gold pieces
 Weapons  (')')
  D - 3 +0 daggers
  J - a +0 aklys (tethered to right hand)
 Armor    ('[')
  r - a fireproof +0 pair of leather gloves (being worn)
  m - a +0 shield of shock resistance
 Comestibles  ('%')
  f - a sprig of wolfsbane
 Spellbooks  ('+')
  g - a spellbook of detect monsters
  h - a spellbook of light
 Potions  ('!')
  t - a potion of extra healing
  d - 4 potions of holy water
 Wands    ('/')
  q - a wand of locking (0:6)
 Tools    ('(')
  i - a tin whistle

DaveT the Priest's attributes:

Background:
 You were an Acolyte, a level 5 human Priest.
 You were lawful, on a mission for Issek
 who was opposed by Mog (neutral) and Kos (chaotic).
 You were right-handed.
 You were in the Dungeons of Doom, on level 5.
 You entered the dungeon 3103 turns ago.
 You had 309 experience points, 11 more were needed to attain level 6.

Basics:
 You had 0 out of 45 hit points.
 You had all 89 energy points (spell power).
 Your armor class was 9.
 Your wallet contained 57 zorkmids.
 Autopickup was off.

Final Characteristics:
 Your strength was 9 (limit:18/100).
 Your dexterity was 12 (limit:18).
 Your constitution was 18 (limit:18).
 Your intelligence was 10 (limit:18).
 Your wisdom was 18 (limit:18).
 Your charisma was 9 (limit:18).

Final Status:
 You were temporarily blind.
 You were chained to a heavy iron ball.
 You weren't hungry.
 You were unencumbered.
 You were wielding a club.
 You were unskilled in club.

Final Attributes:
 You were piously aligned.
 You were telepathic.
 You are dead.

Miscellaneous:
 You didn't encounter any bones levels.
 Total elapsed playing time was 14 minutes.

Major events:
 Turn
    1: DaveT the lawful human Priest entered the dungeon
 1212: attained the rank of Acolyte (level 3)
 1265: entered the Gnomish Mines
 3103: killed by a hobgoblin

Spells:
 Name                 Level Category     Fail Retention
 detect monsters        1   divination     0%  76%-100%
 light                  1   clerical       0%   81%-90%

Skills:
 Fighting Skills
   bare handed combat [Unskilled]
 Weapon Skills
   club               [Unskilled]
   mace               [Basic]
   morning star       [Unskilled]
   flail              [Unskilled]
   hammer             [Unskilled]
   quarterstaff       [Unskilled]
   polearms           [Unskilled]
   spear              [Unskilled]
   trident            [Unskilled]
   lance              [Unskilled]
   bow                [Unskilled]
   sling              [Unskilled]
   crossbow           [Unskilled]
   dart               [Unskilled]
   shuriken           [Unskilled]
   boomerang          [Unskilled]
   unicorn horn       [Unskilled]
 Spellcasting Skills
   healing spells     [Unskilled]
   divination spells  [Unskilled]
   clerical spells    [Basic]

Voluntary challenges:
 Character rerolling was not enabled.
 You never genocided any monsters.
 You never polymorphed an object.
 You never changed form.
 You used no wishes.
Achievements:
 You entered a shop.
 You attained the rank of Acolyte.
 You entered the Gnomish Mines.

 The Dungeons of Doom: levels 1 to 6
    Level 1:
       Some fountains.
    Level 2:
       A wand shop.
    Level 3:
       A weapon shop, a fountain.
       Stairs down to The Gnomish Mines.
    Level 4:
    Level 5: <- You were here.
       Many fountains.
       Oracle of Delphi.
       Final resting place for
          you, killed by a hobgoblin.
    Level 6:
 The Gnomish Mines:
    Level 4:


Vanquished creatures:
  a rock piercer
  a rock mole
  a pony
  a yellow light
  a shrieker
  a violet fungus
  a gnomish wizard
  4 elf zombies
  a straw golem
  a floating eye
  2 kobold leaders
  2 giant bats
  a dwarf zombie
  a werejackal
  2 acid blobs
  a coyote
  a gas spore
  2 large kobolds
  5 giant rats
  a brown mold
  4 gnomes
  4 garter snakes
  2 gnome zombies
  a gecko
 11 jackals
  a fox
  2 kobolds
  a sewer rat
  5 grid bugs
  2 lichens
  a kobold zombie
  6 newts
71 creatures vanquished.

No species were genocided or became extinct.

Game over:
                       ----------
                      /          \
                     /    REST    \
                    /      IN      \
                   /     PEACE      \
                  /                  \
                  |      DaveT       |
                  |      57 Au       |
                  |   killed by a    |
                  |    hobgoblin     |
                  |                  |
                  |                  |
                  |       2026       |
                 *|     *  *  *      | *
        _________)/\\_//(\/(/\)/\//\/|_)_______

Goodbye DaveT the Priest...

You died in The Dungeons of Doom on dungeon level 5 with 1598 points,
and 57 pieces of gold, after 3103 moves.
You were level 5 with a maximum of 45 hit points when you died.

